 Dungeon Crawl Stone Soup version 0.32-a0-931-g5a2cda0630 (webtiles) character file.

Game seed: 7126437849862758048

136758 Zonian the Devastator (level 17, -4/162 HPs)
             Began as a Gargoyle Earth Elementalist on Apr 13, 2024.
             Was a High Priest of Vehumet.
             Slain by a culicivora (21 damage)
             ... on level 2 of the Spider Nest.
             The game lasted 02:59:19 (39011 turns).

Zonian the Devastator (GrEE)                       Turns: 39011, Time: 02:59:19

Health: -4/162     AC: 28    Str: 13    XL:     17   Next: 22%
Magic:  41/41      EV: 11    Int: 26    God:    Vehumet [*****.]
Gold:   2441       SH:  7    Dex: 10    Spells: 2/38 levels left

rFire   + + .        O - staff of conjuration {!a@e2staff}
rCold   . . .        s - +3 buckler
rNeg    + + .        p - +1 leather armour of Dowdy Lucidity {Fly rF+ Slay+2 SInv}
rPois   ∞            T - +2 hat {Will+}
rElec   +            a - +3 cloak of Bainip {rF+ rN+ Int+3}
rCorr   .            h - +2 pair of gloves
SInv    +            I - +1 pair of boots
Will    ++...        V - amulet of magic regeneration {@e2} Stlth
                     Z - ring of magical power
HPRegen 0.47/turn    H - ring of wizardry
MPRegen 0.67/turn

%: wizardry (x1)
@: berserking, flying, very quick
A: sickness immunity, AC +12, big wings, negative energy resistance 1,
electricity resistance, torment resistance 1, petrification resistance
a: Renounce Religion


You were on level 2 of the Spider Nest.
You worshipped Vehumet.
Vehumet was extremely pleased with you.
You visited 4 branches of the dungeon, and saw 25 of its levels.
You also visited: Sewer and Gauntlet.

You collected 3448 gold pieces.
You spent 1007 gold pieces at shops.


Innate Abilities, Weirdness & Mutations

You are immune to sickness and miasma.
Your stone body is resilient. (AC +12)
You are immune to poison.
Your large and strong wings let you fly.
You resist negative energy. (rN+)
You are resistant to electric shocks. (rElec)
You are resistant to unholy torment.
You are immune to petrification.


   Skills:
 + Level 12.8 Fighting
 - Level 4.7 Short Blades
 + Level 3.5(4.4) Maces & Flails
 - Level 4.1(4.7) Staves
 - Level 4.0 Armour
 - Level 4.0 Dodging
 - Level 5.0 Stealth
 - Level 4.0 Shields
 + Level 11.2 Spellcasting
 + Level 15.5 Conjurations
 - Level 6.6 Translocations
 + Level 11.2 Ice Magic
 - Level 5.0 Air Magic
 + Level 14.3 Earth Magic
 - Level 4.0 Evocations


You had 2 spell levels left.
You knew the following spells:

 Your Spells              Type           Power      Damage    Failure   Level
a - Stone Arrow           Conj/Erth      100%       3d13      1%          3
b - Lee's Rapid Deconstr  Erth           36%        3d18*     1%          5
c - Brom's Barrelling Bo  Conj/Erth      95%        2d10      1%          4
d - Searing Ray           Conj           100%       2d8       0%          2
e - Hailstorm             Conj/Ice       91%        3d15      1%          3
f - Maxwell's Portable P  Tloc           49%        2d(10-28) 1%          3
g - Freezing Cloud        Conj/Ice/Air   40%        6-21      1%          5
h - Arcjolt               Conj/Air       40%        1d50      1%          5
i - Permafrost Eruption   Ice/Erth       34%        2x4d8     1%          6

Your spell library contained the following spells:

 Spells                   Type           Power      Damage    Failure   Level
 Ozocubu's Refrigeration  Ice            32%        4d14      6%          7
 Sandblast                Erth           100%       2d20      0%          1
 Sting                    Conj/Alch      100%       1d9       1%          1
 Slow                     Hex            56%        N/A       2%          1
 Summon Small Mammal      Summ           56%        N/A       2%          1
 Passwall                 Erth           73%        N/A       1%          3
 Summon Ice Beast         Ice/Summ       43%        N/A       1%          3
 Volatile Blastmotes      Fire/Tloc      62%        2d15      1%          3
 Animate Armour           Summ/Erth      100%       N/A       1%          4
 Leda's Liquefaction      Alch/Erth      25%        N/A       1%          4
 Petrify                  Alch/Erth      51%        N/A       1%          4
 Bombard                  Conj/Erth      47%        9d8       1%          6
 Orb of Destruction       Conj           48%        9d13      1%          7
 Vhi's Electric Charge    Tloc/Air       88%        N/A       2%          4
 Ignite Poison            Fire/Alch      14%        N/A       7%          4
 Olgreb's Toxic Radiance  Alch           14%        N/A       7%          4
 Metabolic Englaciation   Hex/Ice        21%        N/A       8%          5
 Call Canine Familiar     Summ           14%        N/A       9%          3
 Confusing Touch          Hex            14%        N/A       9%          3
 Sigil of Binding         Hex            14%        N/A       9%          3
 Tukima's Dance           Hex            14%        N/A       9%          3
 Vampiric Draining        Necr           14%        2d7       9%          3
 Lehudib's Crystal Spear  Conj/Erth      47%        10d11     10%         8
 Spellforged Servitor     Conj/Summ      35%        N/A       22%         7
 Summon Blazeheart Golem  Fire/Summ      14%        N/A       26%         4
 Plasma Beam              Fire/Air       13%        2x1d24    32%         6
 Sculpt Simulacrum        Ice/Alch       21%        N/A       38%         6
 Cigotuvi's Dreadful Rot  Necr/Alch/Air  Unusable   N/A       N/A         2

Inventory:

Hand Weapons
 e - a +2 whip of draining {mace}
   (You took it off a kobold on level 1 of the Dungeon)
 n - the +8 dagger of Suedodi {freeze, rElec rF+ rC+, short}
   (You found it on level 1 of the Spider Nest)

   rF+:       It protects you from fire.
   rC+:       It protects you from cold.
   rElec:     It insulates you from electricity.
Missiles
 m - 12 javelins {throwing}
 v - a throwing net {=f!fthrowing}
 w - 57 poisoned darts {throwing}
 G - 16 boomerangs {throwing}
Armour
 a - the +3 cloak of Bainip (worn) {rF+ rN+ Int+3}
   (You found it on level 9 of the Dungeon)

   Int+3:     It affects your intelligence (+3).
   rF+:       It protects you from fire.
   rN+:       It protects you from negative energy.
 h - a +2 pair of gloves (worn)
   (You found it on level 1 of the Dungeon)
 p - the +1 leather armour of Dowdy Lucidity (worn) {Fly rF+ Slay+2 SInv}
   (You found it on level 2 of the Dungeon)

   Slay+2:    It affects your accuracy & damage with ranged weapons and melee
   (+2).
   rF+:       It protects you from fire.
   SInv:      It lets you see invisible.
   Fly:       It grants you flight.
 s - a +3 buckler (worn)
   (You found it on level 1 of the Lair of Beasts)
 I - a +1 pair of boots (worn)
   (You found it on level 3 of the Lair of Beasts)
 T - a +2 hat of willpower (worn)
   (You took it off Gastronok on level 10 of the Dungeon)
Magical Staves
 K - a staff of air {!astaff}
   (You found it on level 1 of the Spider Nest)
 O - a staff of conjuration (weapon) {!a@e2staff}
   (You found it on level 6 of the Dungeon)
Jewellery
 g - a +5 ring of evasion
   (You found it in a Gauntlet)
 A - a ring of resist corrosion
   (You took it off Erica on level 2 of the Lair of Beasts)
 H - a ring of wizardry (right hand)
   (You found it on level 5 of the Dungeon)
 U - a ring of protection from cold
   (You found it on level 8 of the Dungeon)
 V - an amulet of magic regeneration (around neck) {@e2}
   (You found it on level 8 of the Dungeon)
 W - a ring of protection from fire
   (You found it on level 8 of the Dungeon)
 Z - a ring of magical power (left hand)
   (You found it on level 9 of the Dungeon)
Wands
 d - a wand of flame (78)
   (You took it off Terence on level 2 of the Dungeon)
 C - a wand of charming (22)
   (You found it on level 9 of the Dungeon)
 D - a wand of quicksilver (8)
   (You took it off Amaemon on level 2 of the Lair of Beasts)
 M - a wand of warping (26)
   (You found it on level 6 of the Dungeon)
 X - a wand of mindburst (19)
   (You found it on level 8 of the Dungeon)
 Y - a wand of digging (5)
   (You found it on level 2 of the Spider Nest)
Scrolls
 c - 6 scrolls of enchant armour
 j - 4 scrolls of vulnerability {!r!r}
 k - 11 scrolls of teleportation {@r4}
 l - 2 scrolls of butterflies
 t - 8 scrolls of fog
 y - 3 scrolls of fear
 N - 2 scrolls of blinking {!r}
 P - 3 scrolls of identify {@r1}
 Q - a scroll of revelation
 R - 2 scrolls of silence {!r}
Potions
 b - 2 potions of magic
 f - 3 potions of enlightenment
 i - 4 potions of curing {@q1}
 o - 6 potions of brilliance
 q - a potion of attraction {!q}
 r - a potion of mutation {!q}
 u - 2 potions of ambrosia
 x - 2 potions of resistance
 z - 6 potions of cancellation
 B - 4 potions of invisibility
 E - 4 potions of might
 F - 5 potions of haste {@q3}
 L - 10 potions of heal wounds {@q2}
Miscellaneous
 J - a sack of spiders (inert)
   (You found it in a Gauntlet)
 S - a phial of floods
   (You found it on level 14 of the Dungeon)

Dungeon Overview and Level Annotations

Branches:
Dungeon (15/15) Zot: 24669  Temple (0/1) D:4            Lair (5/5) D:9 Zot: 20105
  Swamp (0/4) Lair:3       Spider (3/4) Lair:3 Zot: 13030   Slime (0/5) Lair:4
    Orc (2/2) D:11 Zot: 9234     Elf (0/3) Orc:2        Vaults (0/5) D:14
 Depths (0/4) D:15          Sewer (visited)         Gauntlet (visited)

Altars:
Ashenzari
Cheibriados
Kikubaaqudgha
Makhleb
Nemelex Xobeh
Okawaru
Qazlal
Sif Muna
Trog
Uskayaw
Vehumet
Wu Jian
Xom
Yredelemnul
Zin
The Shining One
Beogh

Shops:
D:6 :   D:8 [   Orc:1 (   Orc:2 !![=

Portals:
Trove: D:13 (give +3 gold dragon scales)

Annotations:
D:13 2 runed translucent doors, Erolcha; Rupert; packetloss's ghost, journeyman CoBe
Spider:1 1 runed translucent door, Seadyr's ghost, adept MDFi

##.## #....###.#........^.##.
##.# ###....##...........#.# #.#
##....#.%..........#. ## #.#
##.................## .### #.##
##........##.........#
...###..####.......<#.#.........#
......#..##...........##........#
.......##.#........^.#..........#
.....#.###......@s.....##.......#
....##..###.....y.......#.......#
....###.###..............#.....##
...## ##.##............##.#..###.
...# #..###...........^##.###...
...# #...##...........>###.#..#.
.#.## ###..##..........###..#.###
###.## ##..#....................
#.^#.#####...##......#.^.......##


You could see a moth of wrath and a culicivora (berserk).


Message History

The stone arrow hits the spark wasp simulacrum!!
The spark wasp simulacrum hits your scorpion!
The spark wasp simulacrum freezes your scorpion!
Your scorpion dies!
Your scorpion's corpse disappears in a puff of smoke! 😨 MP[-2]
You lost 2 mp, and now have 21/41 mp.
Unknown command.
Casting: Stone Arrow (safe; 1% risk of failure)
Confirm with . or Enter, or press ? or * to list all spells.
Aiming: Stone Arrow (safe; 1% risk of failure)
Press: ? - help, Shift-Dir - straight line, f/p - spark wasp simulacrum
Aim: a spark wasp simulacrum (grey smoke, severely damaged, ally target, 81% to hit)
You feel a surge of power!
The stone arrow hits the spark wasp simulacrum.
Your culicivora bites the spark wasp simulacrum! 😨 HP[+1] MP[-3]
You lost 3 mp, and now have 18/41 mp.
Unknown command.
You start resting. 😨 HP[+12] MP[+23]
You regained 12 hp, and now have 46/108 hp.
Your mp is fully restored (41).
You start resting.
Your culicivora disappears in a puff of smoke!
You start resting. 😎 HP[+62]
Your hp is fully restored (108).
Unknown command.
Done exploring.
Unknown command.
There is a stone staircase leading down here.
This spell is dangerous to cast!
You start memorising the spell.
You continue memorising. x6
You finish memorising.
Spell assigned to 'i'.
Unknown command.
Done exploring.
Unknown command.
There is a stone staircase leading down here.
Unknown command.
You fly downwards.
The moth of wrath goads the culicivora on!
The culicivora goes berserk!
There is a stone staircase leading up here.
Unknown command.
You block the culicivora's attack. The culicivora bites you!
The moth of wrath bites you! The culicivora bites you!!
You fly upwards.
There is a stone staircase leading down here. 😮 HP[-42]
You take 42 damage, and now have 66/108 hp.
MASSIVE DAMAGE!! (PAUSE)
Casting: Stone Arrow (safe; 1% risk of failure)
Confirm with . or Enter, or press ? or * to list all spells.
Aiming: Stone Arrow (safe; 1% risk of failure)
Press: ? - help, Shift-Dir - straight line, f - culicivora
Aim: a culicivora (berserk, 61% to hit)
You feel a surge of power!
The stone arrow misses the culicivora.
The culicivora barely misses you. The moth of wrath bites you!
The moth of wrath infuriates you!
A red film seems to cover your vision as you go berserk!
You feel yourself moving faster!
You feel mighty!
The culicivora bites you. 😮 HP[+17] MP[-3]
You now have 162 max hp (+54).
You regained 17 hp, and now have 83/162 hp.
You lost 3 mp, and now have 38/41 mp.
You hit the culicivora!
You blast the culicivora!
The culicivora bites you but does no damage.
You block the moth of wrath's attack. The culicivora bites you!!
* * * LOW HITPOINT WARNING * * *
😨 HP[-21] MP[+1]
You take 21 damage, and now have 62/162 hp.
You hit the culicivora!
You blast the culicivora.
The culicivora bites you!!
* * * LOW HITPOINT WARNING * * *
The moth of wrath bites you!
* * * LOW HITPOINT WARNING * * *
😱 HP[-34]
You take 34 damage, and now have 28/162 hp.
MASSIVE DAMAGE!! (PAUSE)
You are too berserk!
Unknown command.
You are too berserk!
Unknown command.
You are too berserk!
Unknown command.
You closely miss the culicivora. The culicivora bites you.
* * * LOW HITPOINT WARNING * * *
The culicivora closely misses you. The moth of wrath bites you!
* * * LOW HITPOINT WARNING * * *
😱 HP[-11] MP[+1]
You take 11 damage, and now have 17/162 hp.
You closely miss the culicivora.
The culicivora bites you but does no damage.
You block the culicivora's attack.
The moth of wrath bites you but does no damage.
You closely miss the culicivora.
The culicivora barely misses you. 😱 MP[+1]
Your mp is fully restored (41).
You hit the culicivora! The culicivora bites you!!
You die...

Skill      XL: |  1  2  3  4  5  6  7  8  9 10 11 12 13 14 15 16 |
---------------+-------------------------------------------------+-----
Earth Magic    | 4 5 6 7 9 10 11 12 14 | 14.3
Conjurations   | 2 3 4 6 7 9 10 11 12 13 14 15 | 15.5
Stealth        | 3 4 5 |  5.0
Spellcasting   | 3 4 5 6 7 9 10 11 | 11.2
Maces & Flails | 3 |  3.5
Short Blades   | 4 |  4.7
Fighting       | 3 5 7 8 10 11 12 | 12.8
Ice Magic      | 2 4 5 7 8 9 11 | 11.2
Armour         | 2 4 |  4.0
Translocations | 1 3 5 6 |  6.6
Staves         | 2 4 |  4.1
Shields        | 2 4 |  4.0
Air Magic      | 1 3 4 5 |  5.0
Dodging        | 4 |  4.0
Evocations     | 3 4 |  4.0

Action                     |  1- 3 |  4- 6 |  7- 9 | 10-12 | 13-15 | 16-18 || total
---------------------------+-------+-------+-------+-------+-------+-------++-------
  Melee: Whip              |       |    72 |    77 |       |       |    18 ||   167
         Battleaxe         |       |       |    25 |       |       |       ||    25
         Staff             |       |       |     7 |    25 |    90 |    30 ||   152
         Short sword       |       |       |       |    27 |       |       ||    27
  Throw: Javelin           |     2 |     2 |       |     2 |     1 |       ||     7
         Dart              |       |     2 |     3 |     5 |     6 |       ||    16
         Boomerang         |       |       |       |       |     5 |       ||     5
   Cast: Sandblast         |    53 |    60 |   136 |    95 |   160 |       ||   504
         Stone Arrow       |       |       |     9 |   134 |   423 |   474 ||  1040
         Searing Ray       |       |       |       |    12 |     1 |       ||    13
         Hailstorm         |       |       |       |     3 |     1 |     4 ||     8
         Brom's Barrelling |       |       |       |    10 |    10 |       ||    20
         Maxwell's Portabl |       |       |       |     6 |     3 |     4 ||    13
         Freezing Cloud    |       |       |       |     4 |    33 |     3 ||    40
         Arcjolt           |       |       |       |       |     8 |    15 ||    23
         Lee's Rapid Decon |       |       |       |       |    63 |    46 ||   109
  Evoke: Wand              |       |     6 |     6 |     8 |     8 |     5 ||    33
         Sack of spiders   |       |       |       |       |     2 |     2 ||     4
    Use: Scroll            |     5 |    10 |     4 |     9 |     9 |     1 ||    38
         Potion            |       |       |     1 |       |     4 |     6 ||    11
   Stab: Sleeping          |       |     3 |       |     1 |       |       ||     4
 Armour: Robe              |     8 |     5 |       |       |       |       ||    13
         Leather armour    |       |    65 |   195 |   144 |   351 |   348 ||  1103
  Dodge: Dodged            |    10 |    52 |   172 |    99 |   153 |   166 ||   652
  Block: Buckler           |       |       |       |    37 |   144 |   109 ||   290

Levels and vault maps discovered:
D:1:      matt_arrival_diagonals, layout_rooms, minmay_distorted
D:2:      layout_basic, uniq_terence
D:3:      layout_loops_cross, zin_statuary, kennysheep_slug_shrine,
          gammafunk_temple_overflow_statue, lightli_temple_of_fire, st_stairs_2
D:4:      layout_gridville, minmay_temple_entry_enclosed_plants
D:5:      layout_basic, portal_sewer_entry_b
D:6:      layout_cave_pools, overflow_temple_1_default,
          nicolae_shop_i_like_small_books_too
D:7:      layout_basic, okawaru_humans, nzn_ghost_randoct, uniq_duvessa,
          uniq_menkaure
D:8:      layout_basic, mainiacjoe_overflow_small_starburst, kennysheep_mini,
          serial_shops, kennysheep_little_box, nrook_mini_vaults,
          minmay_small_thing
D:9:      layout_roguey, nicolae_overflow_hidden_temple, lair_entry_dummy,
          uniq_maurice
D:10:     layout_loops_ring, ashenzari_conservatory_becter,
          hangedman_tell_no_tales, uniq_lodul, uniq_gastronok
D:11:     layout_long_grid, orc_0_dummy, serial_rivers,
          chequers_serial_rivers_large_b, chequers_serial_rivers_micro_c,
          chequers_serial_rivers_micro_e, chequers_serial_rivers_micro_e,
          chequers_serial_rivers_room_a, portal_ice_cave_rime,
          gauntlet_entry_generic, xom_shifter_show
D:12:     layout_grid_maze
D:13:     layout_roguey, ebering_ghost_disaster_area,
          nicolae_trove_entry_path_of_doom, grunt_ministairs_7,
          kennysheep_opposing_triangles, uniq_erolcha, uniq_rupert
D:14:     layout_gridville, hellmonk_vaults_order_and_chaos,
          hangedman_abyss_or_decor_stagger, uniq_agnes
D:15:     hangedman_depths_entry_civil_slaughter, layout_irregular_city,
          uniq_jorgrun
Lair:1:   layout_concentric_octagons, lemuel_fruit_fields
Lair:2:   layout_chaotic_city, uniq_erica, uniq_amaemon
Lair:3:   layout_regular_city, minmay_swamp_entry_reptiles,
          nicolae_spider_entry_orb_guardian
Lair:4:   layout_cave_pods, dpeg_slime_entry_enclosed
Lair:5:   evilmike_catoblepas_cave, layout_misc_corridors
Spider:1: mumra_spider_spiderweb, hellmonk_ghost_happy_afterlife, uniq_mlioglotl
Spider:2: layout_chambers, hangedman_spider_tarantella_strand, uniq_roxanne
Spider:3: layout_cave_pods
Orc:1:    layout_diamond_mine, serial_shops, shop
Orc:2:    kennysheep_orc_mage_school, layout_caves

Notes
Turn   | Place    | Note
-------+----------+-------------------------------------------
     0 | D:1      | Zonian the Gargoyle Earth Elementalist began the quest for
                  | the Orb.
     0 | D:1      | Reached XP level 1. HP: 10/10 MP: 3/3
     0 | D:1      | magus.rc [v1.9.6]
   199 | D:1      | Reached XP level 2. HP: 15/15 MP: 1/5
   690 | D:1      | Reached skill level 4 in Earth Magic
   693 | D:1      | You pick up a book of Armaments and begin reading...
   693 | D:1      | You add the spells Animate Armour and Lehudib's Crystal
                  | Spear to your library.
   885 | D:1      | Reached XP level 3. HP: 19/19 MP: 2/6
  1221 | D:2      | Reached skill level 2 in Conjurations
  1385 | D:2      | Reached skill level 3 in Stealth
  1386 | D:2      | Noticed Terence
  1456 | D:2      | HP: 2/19 [Terence/puff of flame (9)]
  1457 | D:2      | Killed Terence
  1458 | D:2      | Reached XP level 4. HP: 3/24 MP: 3/7
  1583 | D:2      | Identified a scroll of acquirement
  1583 | D:2      | Acquired a +2 cloak of willpower
  2238 | D:2      | You pick up a book of Lightning and begin reading...
  2238 | D:2      | You add the spells Vhi's Electric Charge, Arcjolt and
                  | Plasma Beam to your library.
  2262 | D:2      | Identified the +1 leather armour of Dowdy Lucidity {Fly rF+
                  | Slay+2 SInv}
  2760 | D:3      | Reached XP level 5. HP: 28/28 MP: 5/9
  2894 | D:3      | Reached skill level 3 in Spellcasting
  2945 | D:3      | Learned a level 3 spell: Stone Arrow
  2982 | D:3      | Found a bloodstained altar of Trog.
  3349 | D:3      | Found a glowing silver altar of Zin.
  3358 | D:3      | Found a radiant altar of Vehumet.
  3358 | D:3      | Found a shimmering blue altar of Sif Muna.
  3368 | D:3      | Became a worshipper of Vehumet
  3468 | D:3      | Found a snail-covered altar of Cheibriados.
  3476 | D:3      | Reached skill level 3 in Conjurations
  3711 | D:4      | Found a staircase to the Ecumenical Temple.
  3777 | D:4      | Reached skill level 5 in Earth Magic
  3986 | D:4      | Reached XP level 6. HP: 31/32 MP: 10/10
  4181 | D:5      | Entered Level 5 of the Dungeon
  4207 | D:5      | Noticed a black bear
  4445 | D:5      | Reached skill level 4 in Conjurations
  4588 | D:5      | Noticed a black bear
  4603 | D:5      | Killed a black bear
  4604 | D:5      | Reached skill level 6 in Earth Magic
  4604 | D:5      | Reached XP level 7. HP: 36/36 MP: 9/11
  4611 | D:5      | You pick up a book of Callings and begin reading...
  4611 | D:5      | You add the spells Summon Small Mammal, Call Canine
                  | Familiar and Summon Blazeheart Golem to your library.
  4672 | D:5      | Found a glowing drain.
  4702 | Sewer    | Entered a sewer
  5175 | Sewer    | Reached * piety under Vehumet
  5175 | Sewer    | Offered knowledge of Sting by Vehumet.
  5265 | Sewer    | Reached skill level 5 in Conjurations
  5276 | Sewer    | Reached skill level 7 in Earth Magic
  5425 | Sewer    | Reached skill level 6 in Conjurations
  5425 | Sewer    | Reached XP level 8. HP: 41/41 MP: 8/12
  5575 | Sewer    | Learned a level 4 spell: Brom's Barrelling Boulder
  5632 | D:5      | Reached skill level 8 in Earth Magic
  5640 | D:5      | Reached skill level 1 in Maces & Flails
  5973 | D:5      | Reached skill level 2 in Maces & Flails
  6094 | D:5      | Reached ** piety under Vehumet
  6099 | D:5      | Offered knowledge of Searing Ray by Vehumet.
  6101 | D:5      | Reached skill level 7 in Conjurations
  6268 | D:6      | Reached skill level 3 in Maces & Flails
  6273 | D:6      | You pick up a book of Dangerous Friends and begin
                  | reading...
  6273 | D:6      | You add the spells Orb of Destruction and Spellforged
                  | Servitor to your library.
  6283 | D:6      | Learned a level 2 spell: Searing Ray
  6443 | D:6      | Reached skill level 9 in Earth Magic
  6614 | D:6      | Found Wocefic's Tiny Tomes.
  6688 | D:6      | Found a basalt altar of Yredelemnul.
  6734 | D:6      | Reached XP level 9. HP: 45/45 MP: 9/13
  6844 | D:7      | Reached skill level 1 in Short Blades
  6997 | D:7      | Found a transporter.
  7000 | D:7      | Found a transporter.
  7001 | D:7      | Noticed frostburnice's ghost (amateur FeBe)
  7001 | D:7      | Noticed a gargoyle
  7018 | D:7      | Noticed a troll
  7026 | D:7      | Noticed Duvessa
  7026 | D:7      | Noticed Dowan
  7091 | D:7      | Noticed Menkaure
  7094 | D:7      | Killed Menkaure
  7095 | D:7      | Reached skill level 8 in Conjurations
  7120 | D:7      | Reached skill level 2 in Short Blades
  7176 | D:7      | Killed Dowan
  7180 | D:7      | Killed Duvessa
  7186 | D:7      | HP: 6/45 [human/+0 long sword (12)]
  7189 | D:7      | Reached skill level 3 in Short Blades
  7189 | D:7      | Reached skill level 10 in Earth Magic
  7440 | D:7      | Found an iron altar of Okawaru.
  7488 | D:7      | Noticed a two-headed ogre
  7681 | D:7      | Found the +5 woodcutter's axe
  7850 | D:8      | Offered knowledge of Hailstorm by Vehumet.
  7983 | D:8      | magus.rc [v1.9.6]
  8005 | D:8      | Found a glowing golden altar of the Shining One.
  8127 | D:8      | Reached skill level 9 in Conjurations
  8137 | D:8      | Reached skill level 4 in Short Blades
  8316 | D:8      | Reached XP level 10. HP: 45/50 MP: 10/14
  8341 | D:8      | Noticed a boulder beetle
  8422 | D:8      | Found a burning altar of Makhleb.
  8668 | D:8      | Killed a boulder beetle
  8669 | D:8      | Reached skill level 11 in Earth Magic
  8794 | D:8      | Learned a level 3 spell: Hailstorm
  8929 | D:8      | Reached skill level 1 in Fighting
  8929 | D:8      | Noticed a cyclops
  8933 | D:8      | Killed a cyclops
  8934 | D:8      | Reached skill level 2 in Fighting
  8959 | D:8      | You add the spells Ignite Poison and Freezing Cloud to your
                  | library.
  8984 | D:8      | Reached *** piety under Vehumet
  9055 | D:8      | Found Unaitant's Antique Armour Shop.
  9173 | D:6      | Bought Sif Muna's Precepts of Portals for 88 gold pieces
  9177 | D:6      | Learned a level 3 spell: Maxwell's Portable Piledriver
  9412 | D:8      | Bought a helmet for 94 gold pieces
  9537 | D:9      | Reached skill level 4 in Stealth
  9791 | D:9      | Reached skill level 1 in Ice Magic
  9795 | D:9      | Reached skill level 1 in Armour
  9795 | D:9      | Reached skill level 10 in Conjurations
  9798 | D:9      | Reached skill level 4 in Spellcasting
  9798 | D:9      | Reached skill level 1 in Translocations
  9895 | D:9      | Identified the +3 cloak of Bainip {rF+ rN+ Int+3}
 10022 | D:9      | Found a stormy altar of Qazlal.
 10023 | D:9      | Found an ornate altar of the Wu Jian Council.
 10052 | D:9      | Found a staircase to the Lair.
 10377 | D:9      | Reached skill level 3 in Fighting
 10488 | D:9      | Offered knowledge of Fulminant Prism by Vehumet.
 10604 | D:9      | Noticed Maurice
 10614 | D:9      | Killed Maurice
 10615 | D:9      | Reached skill level 2 in Armour
 10615 | D:9      | Reached skill level 2 in Ice Magic
 10685 | D:9      | Reached XP level 11. HP: 60/60 MP: 17/17
 10826 | D:9      | Found a sparkling altar of Nemelex Xobeh.
 10826 | D:9      | Found an ancient bone altar of Kikubaaqudgha.
 10828 | D:9      | Found a hide-covered altar of Uskayaw.
 10865 | D:10     | Entered Level 10 of the Dungeon
 10865 | D:10     | Noticed a two-headed ogre
 10875 | D:9      | Reached skill level 2 in Translocations
 10955 | D:10     | Killed a two-headed ogre
 10956 | D:10     | Reached skill level 5 in Stealth
 11102 | D:10     | Reached skill level 3 in Armour
 11105 | D:10     | Reached skill level 4 in Fighting
 11120 | D:10     | Reached skill level 3 in Ice Magic
 11247 | D:10     | Noticed Gastronok
 11564 | Lair:1   | Entered Level 1 of the Lair of Beasts
 12033 | Lair:1   | Reached skill level 5 in Spellcasting
 12350 | Lair:1   | Reached skill level 3 in Translocations
 12508 | Lair:1   | Reached skill level 1 in Staves
 12508 | Lair:1   | Reached skill level 1 in Shields
 12630 | Lair:1   | Reached **** piety under Vehumet
 12906 | Lair:1   | Reached skill level 4 in Armour
 13094 | Lair:2   | Noticed Erica
 13104 | Lair:2   | Killed Erica
 13105 | Lair:2   | Reached skill level 5 in Fighting
 13224 | Lair:2   | Noticed a skyshark
 13226 | Lair:2   | Reached skill level 2 in Shields
 13229 | Lair:2   | Reached skill level 2 in Staves
 13234 | Lair:1   | Reached skill level 4 in Ice Magic
 13332 | Lair:2   | Killed a skyshark
 13333 | Lair:2   | Reached XP level 12. HP: 66/68 MP: 15/20
 13335 | Lair:2   | Reached skill level 11 in Conjurations
 13456 | Lair:2   | Noticed a four-headed hydra
 13482 | Lair:2   | Killed a four-headed hydra
 13482 | Lair:2   | Offered knowledge of Inner Flame by Vehumet.
 13483 | Lair:2   | Reached skill level 4 in Translocations
 13489 | Lair:2   | Learned a level 5 spell: Freezing Cloud
 13619 | Lair:2   | Noticed Amaemon
 13628 | Lair:2   | Reached skill level 3 in Shields
 13632 | Lair:2   | Killed Amaemon
 13633 | Lair:2   | Reached skill level 3 in Staves
 13858 | Lair:2   | Noticed a catoblepas
 13882 | Lair:2   | Killed a catoblepas
 13883 | Lair:2   | Reached skill level 6 in Fighting
 14115 | Lair:2   | Reached skill level 6 in Spellcasting
 14129 | Lair:2   | Reached skill level 5 in Ice Magic
 14229 | Lair:2   | Reached skill level 4 in Shields
 14441 | Lair:2   | Upgraded the game from 0.32-a0-928-g1cae6b7ea0 to
                  | 0.32-a0-931-g5a2cda0630
 14441 | Lair:2   | magus.rc [v1.9.6]
 14537 | Lair:3   | Reached skill level 4 in Staves
 15198 | Lair:3   | Reached skill level 5 in Translocations
 15229 | Lair:3   | Found a hole to the Spider Nest.
 15239 | Lair:3   | Reached skill level 1 in Air Magic
 15450 | Lair:3   | Found a staircase to the Swamp.
 15450 | Lair:3   | Noticed a four-headed hydra
 15454 | Lair:3   | Killed a four-headed hydra
 15757 | Lair:4   | Reached skill level 7 in Fighting
 15776 | Lair:4   | Reached XP level 13. HP: 55/76 MP: 22/22
 15992 | Lair:4   | You add the spells Confusing Touch, Sigil of Binding,
                  | Tukima's Dance and Metabolic Englaciation to your library.
 15992 | Lair:4   | Got Hacuh's Atlas of Maleficia
 16117 | Lair:4   | Reached skill level 2 in Air Magic
 16121 | Lair:4   | Reached skill level 6 in Ice Magic
 16138 | Lair:4   | Reached skill level 12 in Conjurations
 16857 | Lair:4   | Reached skill level 7 in Spellcasting
 16916 | Lair:4   | Reached ***** piety under Vehumet
 17030 | Lair:4   | Offered knowledge of Eringya's Noxious Bog by Vehumet.
 17256 | Lair:4   | Found a staircase to the Slime Pits.
 17942 | Lair:5   | Entered Level 5 of the Lair of Beasts
 17989 | Lair:5   | Reached skill level 6 in Translocations
 18083 | Lair:5   | Reached skill level 8 in Fighting
 18083 | Lair:5   | Reached skill level 3 in Air Magic
 18612 | Lair:5   | magus.rc [v1.9.6]
 18824 | Lair:5   | Reached skill level 7 in Ice Magic
 18932 | Lair:5   | Learned a level 5 spell: Arcjolt
 19034 | Lair:5   | Gained mutation: Your large and strong wings let you fly.
                  | [Gargoyle growth]
 19034 | Lair:5   | Reached XP level 14. HP: 84/84 MP: 14/25
 19036 | Lair:5   | Reached skill level 2 in Dodging
 19040 | Lair:5   | Reached skill level 8 in Spellcasting
 19412 | Lair:5   | Reached skill level 9 in Fighting
 19657 | Lair:5   | Identified the +1 rapier "Pugetusa" {freeze, rF+ Str+5}
 19691 | Lair:5   | Reached skill level 13 in Conjurations
 19701 | Lair:5   | Reached skill level 3 in Dodging
 19895 | Lair:5   | Reached skill level 4 in Air Magic
 19926 | Lair:5   | You add the spells Sting, Leda's Liquefaction and Olgreb's
                  | Toxic Radiance to your library.
 19926 | Lair:5   | Got the Notes on Congelation
 20318 | D:7      | Killed frostburnice's ghost
 20356 | D:7      | Offered knowledge of Lee's Rapid Deconstruction by Vehumet.
 20514 | D:7      | Identified the +6 orcbow of Friendship {heavy, Dex+2}
 20651 | D:10     | Reached skill level 8 in Ice Magic
 21241 | D:10     | Killed Gastronok
 21241 | D:10     | Noticed Lodul
 21468 | D:10     | Killed Lodul
 21517 | D:10     | Found a broken altar of Ashenzari.
 21733 | D:11     | Found a gate leading to a gauntlet.
 21753 | D:11     | magus.rc [v1.9.6]
 21755 | Gauntlet | Entered a Gauntlet
 21755 | Gauntlet | Found a transporter.
 21755 | Gauntlet | Found a transporter.
 21774 | Gauntlet | Found a transporter.
 21778 | Gauntlet | Found a transporter.
 21792 | Gauntlet | Found a transporter.
 21804 | Gauntlet | Found a transporter.
 21868 | Gauntlet | Found a transporter.
 21869 | Gauntlet | Found a transporter.
 21878 | Gauntlet | Found a transporter.
 21878 | Gauntlet | Found a transporter.
 21882 | Gauntlet | Found a transporter.
 21894 | Gauntlet | Found a transporter.
 22165 | Gauntlet | Identified the ring "Woinic" {Fire rElec rN+ Will+ Dex+3
                  | Slay+3}
 22171 | Gauntlet | Acquired a book of the Tundra
 22172 | Gauntlet | You pick up a book of the Tundra and begin reading...
 22172 | Gauntlet | You add the spells Summon Ice Beast, Permafrost Eruption
                  | and Sculpt Simulacrum to your library.
 22459 | Gauntlet | Learned a level 5 spell: Lee's Rapid Deconstruction
 22564 | D:11     | Found a staircase to the Orcish Mines.
 22605 | D:11     | Reached skill level 4 in Dodging
 22825 | D:11     | Found a shimmering altar of Xom.
 22829 | D:11     | Found a shimmering altar of Xom.
 22830 | D:11     | Found a shimmering altar of Xom.
 22830 | D:11     | Found a shimmering altar of Xom.
 22830 | D:11     | Found a shimmering altar of Xom.
 22831 | D:11     | Found a shimmering altar of Xom.
 23602 | D:12     | Reached skill level 10 in Fighting
 23849 | D:12     | Reached skill level 9 in Spellcasting
 24041 | D:12     | Reached XP level 15. HP: 92/92 MP: 28/28
 25114 | D:13     | Noticed Erolcha
 25114 | D:13     | Noticed Rupert
 25401 | D:13     | Found a portal to a secret trove of treasure.
 25406 | D:13     | Reached skill level 5 in Air Magic
 25981 | D:13     | Found a large runed translucent door.
 25982 | D:13     | Found a large runed translucent door.
 25983 | D:13     | Noticed packetloss's ghost (journeyman CoBe)
 26326 | D:13     | magus.rc [v1.9.6]
 26565 | D:14     | Reached skill level 12 in Earth Magic
 26708 | D:14     | Reached skill level 9 in Ice Magic
 26808 | D:14     | Identified the +7 quarterstaff "Bifugarph" {pain, rElec
                  | Dex+3}
 27007 | D:14     | Found a gate to the Vaults.
 27021 | D:14     | Reached skill level 1 in Evocations
 27034 | D:14     | Reached skill level 14 in Conjurations
 27284 | D:14     | Offered knowledge of Yara's Violent Unravelling by Vehumet.
 27323 | D:14     | Noticed Agnes
 27329 | D:14     | Killed Agnes
 27797 | D:14     | You pick up a book of Movement and begin reading...
 27797 | D:14     | You add the spells Volatile Blastmotes and Bombard to your
                  | library.
 27833 | D:15     | Entered Level 15 of the Dungeon
 27968 | D:15     | Noticed Jorgrun
 28400 | D:15     | Reached skill level 2 in Evocations
 28460 | D:15     | Killed Jorgrun
 28521 | D:15     | Reached skill level 11 in Fighting
 29022 | D:15     | Reached skill level 3 in Evocations
 29223 | D:15     | Reached skill level 10 in Spellcasting
 29295 | D:15     | Reached XP level 16. HP: 63/100 MP: 23/30
 29653 | D:15     | Found a staircase to the Depths.
 29962 | Orc:1    | Entered Level 1 of the Orcish Mines
 30125 | Orc:1    | Found Hesuof's Antique Weapon Shoppe.
 30249 | Orc:2    | Entered Level 2 of the Orcish Mines
 30507 | Orc:2    | Offered knowledge of Iskenderun's Battlesphere by Vehumet.
 30809 | Orc:2    | Found a staircase to the Elven Halls.
 31100 | Orc:2    | Reached skill level 10 in Ice Magic
 31100 | Orc:2    | Reached skill level 13 in Earth Magic
 31138 | Orc:2    | Found Pijowel's Jewellery Shop.
 31202 | Orc:2    | Found a radiant altar of Vehumet.
 31203 | Orc:2    | Paralysed by an ogre mage for 2 turns
 31370 | Orc:2    | Noticed Nergalle
 31379 | Orc:2    | Killed Nergalle
 31628 | Orc:2    | Found an ancient bone altar of Kikubaaqudgha.
 31660 | Orc:2    | Found a roughly hewn altar of Beogh.
 31660 | Orc:2    | Found Heres's Distillery.
 31810 | Orc:2    | Found Puyrop's Distillery.
 31812 | Orc:2    | Bought a potion of cancellation for 96 gold pieces
 31812 | Orc:2    | Bought a potion of cancellation for 96 gold pieces
 31812 | Orc:2    | Bought a potion of heal wounds for 60 gold pieces
 31812 | Orc:2    | Bought a potion of heal wounds for 60 gold pieces
 31812 | Orc:2    | Bought a potion of heal wounds for 60 gold pieces
 31812 | Orc:2    | Bought a potion of heal wounds for 60 gold pieces
 31812 | Orc:2    | Bought a potion of might for 48 gold pieces
 31821 | Orc:2    | Found Ritwemn's Antique Armour Boutique.
 31823 | Orc:2    | Bought a potion of heal wounds for 75 gold pieces
 31823 | Orc:2    | Bought a potion of cancellation for 120 gold pieces
 31823 | Orc:2    | Bought a potion of haste for 150 gold pieces
 32120 | Orc:1    | Reached skill level 4 in Evocations
 32928 | Spider:1 | Entered Level 1 of the Spider Nest
 34066 | Spider:1 | Identified the +8 dagger of Suedodi {freeze, rElec rF+ rC+}
 34111 | Spider:1 | Found a runed translucent door.
 34111 | Spider:1 | Noticed Seadyr's ghost (adept MDFi)
 34149 | Spider:1 | Noticed Mlioglotl
 34162 | Spider:1 | Killed Mlioglotl
 34359 | Spider:1 | Reached skill level 12 in Fighting
 34469 | Spider:1 | Reached skill level 15 in Conjurations
 34673 | Spider:1 | You pick up a book of Debilitation and begin reading...
 34673 | Spider:1 | You add the spells Slow and Vampiric Draining to your
                  | library.
 34782 | Spider:1 | Offered knowledge of Starburst by Vehumet.
 36003 | Spider:1 | magus.rc [v1.9.6]
 36034 | Spider:2 | Noticed Roxanne
 36567 | Spider:2 | Killed Roxanne
 36993 | Spider:2 | Reached skill level 14 in Earth Magic
 37069 | Spider:2 | Reached skill level 11 in Spellcasting
 37137 | Spider:2 | Reached skill level 11 in Ice Magic
 37444 | Spider:2 | Offered knowledge of Ozocubu's Refrigeration by Vehumet.
 37504 | Spider:2 | Reached XP level 17. HP: 108/108 MP: 29/32
 38770 | Spider:2 | HP: 25/108 [culicivora (11)]
 38984 | Spider:2 | Learned a level 6 spell: Permafrost Eruption
 39007 | Spider:2 | HP: 28/162 [moth of wrath (14)]
 39011 | Spider:2 | Slain by a culicivora

Vanquished Creatures
  Jorgrun (D:15)
  Mlioglotl (Spider:1)
  Agnes (D:14)
  Gastronok (D:10)
  Roxanne (Spider:2)
  An emperor scorpion (Spider:2)
  A ghost moth (Lair:3)
  A broodmother (Spider:2)
  An ironbound preserver (D:14)
  A minotaur (Gauntlet)
  2 spark wasps (Spider:1)
  An ettin (D:15)
  An entropy weaver (Spider:3)
  A green death (Gauntlet)
  7 hydras
  5 ogre magi
  3 centaur warriors
  8 two-headed ogres
  Erica (Lair:2)
  3 boulder beetles
  5 catoblepae
  13 death yaks (Lair:5)
  2 tengu warriors (D:15)
  2 demonic crawlers (Spider:2)
  2 skysharks
  Nergalle (Orc:2)
  Amaemon (Lair:2)
  Lodul (D:10)
  8 skeletal warriors
  6 pharaoh ants
  A glowing orange brain (D:14)
  2 orb spiders
  5 steelbarb worms
  A necromancer (D:15)
  A deep troll (D:14)
  A deep elf pyromancer (D:14)
  A lindwurm (Lair:5)
  2 orc knights (Orc:1)
  14 ugly things
  3 obsidian bats
  7 orc sorcerers
  Maurice (D:9)
  7 wolf spiders
  3 cyclopes
  5 manticores
  A moth of wrath (Spider:2)
  A meliai (shapeshifter) (D:15)
  9 elephants
  6 meliai
  6 black mambas
  2 torpor snails
  2 gargoyles
  7 cane toads
  3 orange demons
  An unseen horror (shapeshifter) (D:14)
  4 kobold demonologists (D:12)
  4 komodo dragons
  4 rime drakes
  An unseen horror (D:10)
  A guardian mummy (D:13)
  5 trolls
  17 jumping spiders
  4 hornets
  20 tarantellas
  16 blink frogs
  11 dream sheep
  10 culicivoras
  The ghost of frostburnice the Ducker, an amateur FeBe of Trog (D:7)
  A wraith (D:10)
  14 slime creatures
  A vampire (D:10)
  2 wyverns
  A basilisk (Lair:1)
  2 humans (D:7)
  50 yaks
  A water elemental (D:13)
  3 wargs
  15 vampire mosquitoes
  Menkaure (D:7)
  41 redbacks
  An acid dragon (D:8)
  Duvessa (D:7)
  14 water moccasins
  A sky beast (D:6)
  18 orc warriors
  An ice beast (D:6)
  6 black bears
  A crocodile (Sewer)
  16 ogres
  10 centaurs
  4 wolves (Lair:3)
  A phantom (D:6)
  7 kobold brigands
  14 bullfrogs
  A gnoll sergeant (D:12)
  2 scorpions (D:7)
  Dowan (D:7)
  21 killer bees
  5 spriggan skeletons (D:10)
  5 howler monkeys
  A troll skeleton (D:10)
  A bombardier beetle (D:3)
  2 hounds
  14 orc priests
  3 jellies (D:7)
  3 sleepcaps
  Terence (D:2)
  4 hell rats (Lair:4)
  43 orc wizards
  5 iguanas
  10 gnolls
  4 river rats
  12 adders
  A shadow imp (D:7)
  3 white imps
  3 ufetubi
  2 ribbon worms (Sewer)
  4 dart slugs
  53 orcs
  9 endoplasms
  7 giant cockroaches
  10 goblins
  6 hobgoblins
  2 jackals (D:2)
  4 quokkas
  13 ball pythons
  10 bats
  4 frilled lizards
  17 kobolds
  8 rats
794 creatures vanquished.

Vanquished Creatures (collateral kills)
  A spark wasp (Spider:2)
  A manticore (D:14)
  A wolf spider (Lair:3)
  2 slime creatures (D:15)
  A culicivora (Spider:2)
6 creatures vanquished.

Grand Total: 800 creatures vanquished

Table legend:
 A = Non-vault XP
 B = Vault XP
 C = Vault XP percentage of total XP
 D = Non-vault monster count
 E = Vault monster count
 F = Vault count percentage of total count
                 A         B        C        D         E       F
            +---------+---------+-------+---------+---------+-------
      Total |  133413 |   61956 |  31.7 |     591 |     209 |  26.1
            +---------+---------+-------+---------+---------+-------
        D:1 |      34 |       4 |  10.5 |      20 |       2 |   9.1
        D:2 |      66 |      36 |  35.3 |      24 |       1 |   4.0
        D:3 |     128 |      19 |  12.9 |      22 |       4 |  15.4
        D:4 |      74 |       0 |   0.0 |      10 |       0 |   0.0
        D:5 |     924 |      17 |   1.8 |      29 |       3 |   9.4
        D:6 |     523 |       0 |   0.0 |       5 |       0 |   0.0
        D:7 |     588 |    3237 |  84.6 |      17 |      23 |  57.5
        D:8 |    2147 |     891 |  29.3 |      21 |       2 |   8.7
        D:9 |    2415 |     525 |  17.9 |      27 |       1 |   3.6
       D:10 |    4638 |    3875 |  45.5 |      21 |      17 |  44.7
       D:11 |    2224 |     749 |  25.2 |      13 |       2 |  13.3
       D:12 |    4971 |       0 |   0.0 |      27 |       0 |   0.0
       D:13 |    1813 |    3395 |  65.2 |       9 |       7 |  43.8
       D:14 |   11409 |    3973 |  25.8 |      23 |       4 |  14.8
       D:15 |   16658 |    5074 |  23.3 |      37 |       5 |  11.9
     Lair:1 |    3241 |       0 |   0.0 |      15 |       0 |   0.0
     Lair:2 |    9046 |    1985 |  18.0 |      26 |       3 |  10.3
     Lair:3 |    5672 |    1880 |  24.9 |      20 |       5 |  20.0
     Lair:4 |    8863 |       0 |   0.0 |      33 |       0 |   0.0
     Lair:5 |   15812 |   10988 |  41.0 |      37 |      23 |  38.3
   Spider:1 |   11697 |    8778 |  42.9 |      33 |      31 |  48.4
   Spider:2 |   19233 |    1624 |   7.8 |      45 |       2 |   4.3
   Spider:3 |    4071 |       0 |   0.0 |      11 |       0 |   0.0
      Orc:1 |    5165 |       0 |   0.0 |      31 |       0 |   0.0
      Orc:2 |    2001 |    9417 |  82.5 |      35 |      36 |  50.7
      Sewer |       0 |     605 | 100.0 |       0 |      28 | 100.0
   Gauntlet |       0 |    4884 | 100.0 |       0 |      10 | 100.0
            +---------+---------+-------+---------+---------+-------

Skill      XL: |  1  2  3  4  5  6  7  8  9 10 11 12 13 14 15 16 |
---------------+-------------------------------------------------+-----
Earth Magic    | 4 5 6 7 9 10 11 12 14 | 14.3
Conjurations   | 2 3 4 6 7 9 10 11 12 13 14 15 | 15.5
Stealth        | 3 4 5 |  5.0
Spellcasting   | 3 4 5 6 7 9 10 11 | 11.2
Maces & Flails | 3 |  3.5
Short Blades   | 4 |  4.7
Fighting       | 3 5 7 8 10 11 12 | 12.8
Ice Magic      | 2 4 5 7 8 9 11 | 11.2
Armour         | 2 4 |  4.0
Translocations | 1 3 5 6 |  6.6
Staves         | 2 4 |  4.1
Shields        | 2 4 |  4.0
Air Magic      | 1 3 4 5 |  5.0
Dodging        | 4 |  4.0
Evocations     | 3 4 |  4.0

Action                     |  1- 3 |  4- 6 |  7- 9 | 10-12 | 13-15 | 16-18 || total
---------------------------+-------+-------+-------+-------+-------+-------++-------
  Melee: Whip              |       |    72 |    77 |       |       |    18 ||   167
         Battleaxe         |       |       |    25 |       |       |       ||    25
         Staff             |       |       |     7 |    25 |    90 |    30 ||   152
         Short sword       |       |       |       |    27 |       |       ||    27
  Throw: Javelin           |     2 |     2 |       |     2 |     1 |       ||     7
         Dart              |       |     2 |     3 |     5 |     6 |       ||    16
         Boomerang         |       |       |       |       |     5 |       ||     5
   Cast: Sandblast         |    53 |    60 |   136 |    95 |   160 |       ||   504
         Stone Arrow       |       |       |     9 |   134 |   423 |   474 ||  1040
         Searing Ray       |       |       |       |    12 |     1 |       ||    13
         Hailstorm         |       |       |       |     3 |     1 |     4 ||     8
         Brom's Barrelling |       |       |       |    10 |    10 |       ||    20
         Maxwell's Portabl |       |       |       |     6 |     3 |     4 ||    13
         Freezing Cloud    |       |       |       |     4 |    33 |     3 ||    40
         Arcjolt           |       |       |       |       |     8 |    15 ||    23
         Lee's Rapid Decon |       |       |       |       |    63 |    46 ||   109
  Evoke: Wand              |       |     6 |     6 |     8 |     8 |     5 ||    33
         Sack of spiders   |       |       |       |       |     2 |     2 ||     4
    Use: Scroll            |     5 |    10 |     4 |     9 |     9 |     1 ||    38
         Potion            |       |       |     1 |       |     4 |     6 ||    11
   Stab: Sleeping          |       |     3 |       |     1 |       |       ||     4
 Armour: Robe              |     8 |     5 |       |       |       |       ||    13
         Leather armour    |       |    65 |   195 |   144 |   351 |   348 ||  1103
  Dodge: Dodged            |    10 |    52 |   172 |    99 |   153 |   166 ||   652
  Block: Buckler           |       |       |       |    37 |   144 |   109 ||   290

Illustrated notes

Table legend:
 A = Kills in this place as a percentage of kills in the entire game.
 B = Kills by you in this place as a percentage of kills by you in the entire game.
 C = Kills by friends in this place as a percentage of kills by friends in the entire game.
 D = Other kills in this place as a percentage of other kills in the entire game.
 E = Experience gained in this place as a percentage of experience gained in the entire game.
 F = Experience gained in this place divided by the number of levels of this place that you have seen.
                   A       B       C       D       E      F
               +-------+-------+-------+-------+-------+----------------------
         Total | 100.0 | 100.0 | 100.0 |   N/A | 100.0 | 7235.9
       Dungeon |  47.0 |  47.0 |  50.0 |   N/A |  36.0 | 4693.8
          Lair |  20.2 |  20.3 |  16.7 |   N/A |  29.4 | 11497.4
   Spider Nest |  15.2 |  15.1 |  33.3 |   N/A |  23.2 | 15134.3
  Orcish Mines |  12.8 |  12.8 |   0.0 |   N/A |   8.5 | 8291.5
         Sewer |   3.5 |   3.5 |   0.0 |   N/A |   0.3 | 605.0
      Gauntlet |   1.2 |   1.3 |   0.0 |   N/A |   2.5 | 4884.0
               +-------+-------+-------+-------+-------+----------------------

Table legend: (Time is in decaauts)
 A = Elapsed time spent in this place.
 B = Non-inter-level travel time spent in this place.
 C = Inter-level travel time spent in this place.
 D = Time resting spent in this place.
 E = Time spent auto-exploring this place.
 F = Levels seen in this place.
 G = Mean time per level.
                   A        B        C        D        E       F      G
               +--------+--------+--------+--------+--------+-----+--------+
         Total |  39306 |  37187 |   2119 |  13916 |  15361 |  27 | 1455.8 |
       Dungeon |  20040 |  18794 |   1246 |   6074 |   9021 |  15 | 1336.0 |
          Lair |   9894 |   9289 |    605 |   4218 |   2820 |   5 | 1978.8 |
   Spider Nest |   4968 |   4812 |    156 |   1906 |   2133 |   3 | 1656.0 |
  Orcish Mines |   2765 |   2655 |    110 |   1052 |   1117 |   2 | 1382.5 |
         Sewer |    920 |    920 |      0 |    416 |    270 |   1 |  920.0 |
      Gauntlet |    717 |    717 |      0 |    250 |      0 |   1 |  717.0 |
               +--------+--------+--------+--------+--------+-----+--------+

Top non-repeatable levels by time:
Spider:2: 2889 daAuts
    D:14: 2320 daAuts
  Lair:4: 2291 daAuts
  Lair:3: 2272 daAuts
  Lair:5: 2199 daAuts
Spider:1: 2061 daAuts
     D:9: 1803 daAuts
   Orc:2: 1776 daAuts
    D:12: 1766 daAuts
  Lair:1: 1738 daAuts
     D:2: 1665 daAuts
     D:8: 1586 daAuts
    D:10: 1496 daAuts
  Lair:2: 1391 daAuts
     D:7: 1388 daAuts
